 Dungeon Crawl Stone Soup version 0.30.1-9-gdf580d7c3d (webtiles) character file.

Game seed: 5741196959437919594

2 monsoonserge the Grasshopper (level 1, -1/16 HPs)
             Began as a Demonspawn Warper on Oct 6, 2023.
             Slain by a kobold
             ... wielding a +0 dagger
              (2 damage)
             ... on level 1 of the Dungeon.
             The game lasted 00:00:35 (277 turns).

monsoonserge the Grasshopper (Demonspawn Warper)     Turns: 277, Time: 00:00:36

Health: -1/16      AC:  3    Str: 11    XL:     1   Next: 33%
Magic:  3/3        EV: 11    Int: 14    God:
Gold:   37         SH:  0    Dex: 12    Spells: 4/4 levels left

rFire   . . .        a - +0 falchion
rCold   . . .        (no shield)
rNeg    . . .        b - +0 leather armour
rPois   .            (no helmet)
rElec   .            (no cloak)
rCorr   .            (no gloves)
SInv    .            (no boots)
Will    .....        (no amulet)
Stlth   +            (no ring)
HPRegen 0.22/turn    (no ring)
MPRegen 0.08/turn

%: no passive effects
@: no status effects
A: no striking features
a: no special abilities


You were on level 1 of the Dungeon.
You visited 1 branch of the dungeon, and saw 1 of its levels.

You collected 37 gold pieces.

Inventory:

Hand Weapons
 a - a +0 falchion (weapon)
Missiles
 d - 7 boomerangs of dispersal (quivered)
Armour
 b - a +0 leather armour (worn)
Scrolls
 c - a scroll of blinking
 e - a scroll of immolation {unknown}
 h - a scroll of identify {unknown}
 i - a scroll of enchant weapon {unknown}
Potions
 f - a potion of attraction {unknown}
 g - a potion of lignification {unknown}


   Skills:
 + Level 2.0 Fighting
 + Level 1.7 Long Blades
 + Level 1.1 Throwing
 + Level 0.8 Armour
 + Level 1.9 Dodging
 - Level 2.0 Spellcasting
 + Level 2.6 Translocations


You had 4 spell levels left.
You didn't know any spells.
Your spell library contained the following spells:

 Spells                   Type           Power      Damage    Failure   Level
 Blink                    Tloc           16%        N/A       16%         2
 Lesser Beckoning         Tloc           16%        N/A       16%         2
 Teleport Other           Tloc           8%         N/A       30%         3
 Vhi's Electric Charge    Tloc/Air       10%        N/A       47%         3
 Manifold Assault         Tloc           8%         N/A       71%         4


Dungeon Overview and Level Annotations

Branches:
Dungeon (1/15)

Altars:


Message History

You slash the endoplasm!
You kill the endoplasm!
You open the door.
There is an open door here.
You now have 37 gold pieces (gained 15).
You open the door.
There is an open door here.
Found a stone staircase leading down.
h - a scroll labelled OPSUPPEX JOMETO
i - a scroll labelled JITERCH GOSHORCH A kobold and an endoplasm come into view.
The kobold shouts!
Found a scroll labelled IRAZANW OTEI.
Found a cloak.
The kobold hits you with a +0 dagger.
The endoplasm quivers.
You barely miss the endoplasm. The endoplasm freezes you.
You are frozen.
The kobold hits you with a +0 dagger. The endoplasm freezes you.
You are frozen.
The kobold hits you but does no damage. The kobold attacks as you move away!
The kobold misses you.
You barely miss the endoplasm.
The endoplasm hits you but does no damage.
The kobold misses you.
You hit the endoplasm.
The endoplasm is moderately wounded.
The endoplasm hits you. The kobold hits you with a +0 dagger.
* * * LOW HITPOINT WARNING * * *
You hit the endoplasm.
The endoplasm is heavily wounded.
The endoplasm closely misses you. The kobold hits you with a +0 dagger.
* * * LOW HITPOINT WARNING * * *
You barely miss the endoplasm.
The endoplasm is heavily wounded.
The endoplasm hits you.
* * * LOW HITPOINT WARNING * * *
The kobold hits you but does no damage.
The endoplasm hits you but does no damage.
The kobold hits you with a +0 dagger.
You die...

# #.......# ..# ..#
#.......# ...# ###
#.......# #...# .#
#.......# ....# .#
#.......####....# .###
#............>#.###
...####......#..........[
...'.........#...........
...####......#..@J.......
...# #.........K........
...# ###.#.#.....#?.#...
...# #...#.....#..# ...#
#...##...## # ...#
#.#..#...# ...# ..##.##
...# #? ...# ##


You could see an endoplasm and a kobold.

Vanquished Creatures
  An endoplasm (D:1)
  A quokka (D:1)
2 creatures vanquished.

Notes
Turn   | Place    | Note
-------+----------+-------------------------------------------
     0 | D:1      | monsoonserge the Demonspawn Warper began the quest for the
                  | Orb.
     0 | D:1      | Reached XP level 1. HP: 16/16 MP: 3/3
    87 | D:1      | Reached skill level 1 in Throwing
   277 | D:1      | Slain by a kobold

Illustrated notes

Levels and vault maps discovered:
D:1:      wander_arrival_desolate, layout_basic, minmay_fountain_box,
          minmay_unequal

Skill      XL: |  1 |
---------------+----+-----
Throwing       | 1 |  1.1
Fighting       | |  2.0
Long Blades    | |  1.7
Armour         | |  0.8
Dodging        | |  1.9
Spellcasting   | |  2.0
Translocations | |  2.6

Action                     || total
---------------------------++-------
  Melee: Falchion          ||    19
 Armour: Leather armour    ||     6
  Dodge: Dodged            ||    12
